HSSL
BISHOP GORMAN HS BALBASAURS @ RANDALL HS RAIDERS
04/14/2030
 
TOP OF THE 1ST
Bishop Gorman HS Balbasaurs batting - Pitching for Randall HS Raiders : RHP Ron Jordan
Pitching: RHP Ron Jordan
Batting: RHB Lynwood Bryant 0-0: Called Strike
0-1: Ball
1-1: Ball
2-1: Ground out 6-3 (Groundball, 6S)
Batting: RHB Júlio García 0-0: Ball
1-0: Ball
2-0: Ground out 5-3 (Groundball, 56)
Batting: LHB Daniel Smith 0-0: Fly out, F2 (Popup, 25F)
Top of the 1st over - 0 runs, 0 hits, 0 errors, 0 left on base; Bishop Gorman HS 0 - Randall HS 0
BOTTOM OF THE 1ST
Randall HS Raiders batting - Pitching for Bishop Gorman HS Balbasaurs : RHP Javier Gonzáles
Pitching: RHP Javier Gonzáles
Batting: RHB Tony Burhoe 0-0: Ball
1-0: Ball
2-0: Ball
3-0: Base on Balls
Batting: LHB En-guo Wang 0-0: Foul Ball, location: 2F
0-1: Called Strike
0-2: Ball
1-2: Ground out U3 (Groundball, 34)
Tony Burhoe to second
Batting: RHB John Zhu 0-0: Called Strike
0-1: Ball
1-1: Swinging Strike
1-2: Strikes out swinging
Batting: RHB Michael Brown 0-0: Called Strike
0-1: Foul Ball, location: 2F
0-2: DOUBLE (Flyball, 89D)
Tony Burhoe scores
Batting: RHB Carlos Rivera 0-0: Ball
1-0: Foul Ball, location: 2F
1-1: Ball
2-1: SINGLE (Groundball, 4D)
Michael Brown to third
Runner from 3rd tries for Home, SAFE, no throw
Batting: LHB Robert Wright 0-0: Ball
1-0: Called Strike
1-1: Ball
2-1: Ball
3-1: Called Strike
3-2: Foul Ball, location: 2F
3-2: Base on Balls
Carlos Rivera to second
Batting: RHB Brody Sexton 0-0: Ball
1-0: Swinging Strike
1-1: Called Strike
1-2: Foul Ball, location: 2F
1-2: Foul Ball, location: 2F
1-2: Strikes out swinging
Bottom of the 1st over - 2 runs, 2 hits, 0 errors, 2 left on base; Bishop Gorman HS 0 - Randall HS 2
TOP OF THE 2ND
Bishop Gorman HS Balbasaurs batting - Pitching for Randall HS Raiders : RHP Ron Jordan
Batting: RHB Valentín Martínez 0-0: Swinging Strike
0-1: Ball
1-1: Ball
2-1: Ball
3-1: Base on Balls
Batting: SHB Cisco Moreno 0-0: Ball
1-0: Foul Ball, location: 2F
1-1: Ball
2-1: Reached on error, E3 (Groundball, 3)
Valentín Martínez to second
Batting: RHB Alan Stephens 0-0: Called Strike
0-1: Ball
1-1: Ball
2-1: DOUBLE (Groundball, 5L)
Valentín Martínez scores
Cisco Moreno to third
Batting: RHB Michael Sanford 0-0: Ball
1-0: Called Strike
1-1: Ball
2-1: Called Strike
2-2: Foul Ball, location: 2F
2-2: Strikes out swinging
Batting: RHB John Miller 0-0: Ball
1-0: Ball
2-0: Called Strike
2-1: Ground out 6-3 (Groundball, 6)
Cisco Moreno scores
Batting: LHB Michel Gélinas 0-0: Swinging Strike
0-1: Foul Ball, location: 2F
0-2: Ball
1-2: Strikes out swinging
Top of the 2nd over - 2 runs, 1 hit, 1 error, 1 left on base; Bishop Gorman HS 2 - Randall HS 2
BOTTOM OF THE 2ND
Randall HS Raiders batting - Pitching for Bishop Gorman HS Balbasaurs : RHP Javier Gonzáles
Batting: LHB Kade Clark 0-0: Bunted foul
0-1: Ball
1-1: Foul Ball, location: 2F
1-2: Ball
2-2: Ground out 4-3 (Groundball, 4)
Batting: RHB Luis Sánchez 0-0: Ball
1-0: Foul Ball, location: 2F
1-1: Foul Ball, location: 2F
1-2: Foul Ball, location: 2F
1-2: SINGLE (Line Drive, 56)
Batting: RHB Tony Burhoe 0-0: Foul Ball, location: 2F
0-1: Ball
1-1: Ball
2-1: Ball
3-1: Base on Balls
Luis Sánchez to second
Batting: LHB En-guo Wang 0-0: Called Strike
0-1: Called Strike
0-2: Ball
1-2: Foul Ball, location: 2F
1-2: Ball
2-2: Ball
3-2: Foul Ball, location: 2F
3-2: Foul Ball, location: 2F
3-2: Foul Ball, location: 2F
3-2: Foul Ball, location: 2F
3-2: 3-RUN HOME RUN (Flyball, 9LD), Distance : 334 ft
Batting: RHB John Zhu 0-0: Ball
1-0: Ground out 4-3 (Groundball, 4)
Batting: RHB Michael Brown 0-0: Ball
1-0: Ball
2-0: Called Strike
2-1: Called Strike
2-2: Foul Ball, location: 2F
2-2: Foul Ball, location: 2F
2-2: Ball
3-2: Base on Balls
Batting: RHB Carlos Rivera 0-0: Ball
1-0: Ball
2-0: Ball
3-0: Called Strike
3-1: Base on Balls
Michael Brown to second
Batting: LHB Robert Wright 0-0: Ground out U3 (Groundball, 3)
Bottom of the 2nd over - 3 runs, 2 hits, 0 errors, 2 left on base; Bishop Gorman HS 2 - Randall HS 5
TOP OF THE 3RD
Bishop Gorman HS Balbasaurs batting - Pitching for Randall HS Raiders : RHP Ron Jordan
Batting: RHB Lynwood Bryant 0-0: Ball
1-0: Ball
2-0: Called Strike
2-1: SINGLE (Line Drive, 78M)
Batting: RHB Júlio García 0-0: Ball
1-0: SINGLE (Groundball, 6D)
Lynwood Bryant to second
Lynwood Bryant to third
Batting: LHB Daniel Smith 0-0: Ball
1-0: Called Strike
1-1: Ball
2-1: Swinging Strike
2-2: Ball
3-2: Base on Balls
Júlio García to second
Batting: RHB Valentín Martínez 0-0: Reached on error, E5 (Groundball, 56)
Lynwood Bryant scores
Júlio García to third
Daniel Smith to second
Batting: SHB Cisco Moreno 0-0: Ball
1-0: Ball
2-0: Called Strike
2-1: Foul Ball, location: 2F
2-2: Foul Ball, location: 2F
2-2: Ball
3-2: Foul Ball, location: 2F
3-2: Base on Balls
Júlio García scores
Daniel Smith to third
Valentín Martínez to second
Batting: RHB Alan Stephens 0-0: Ball
1-0: Swinging Strike
1-1: Fly out, F7 (Flyball, 7)
Batting: RHB Michael Sanford 0-0: SINGLE (Groundball, 5D)
Daniel Smith scores
Valentín Martínez to third
Cisco Moreno to second
Runner from 3rd tries for Home, SAFE, no throw
Batting: RHB John Miller 0-0: Ball
1-0: Foul Ball, location: 2F
1-1: Foul Ball, location: 2F
1-2: Ball
2-2: Strikes out swinging
Batting: LHB Michel Gélinas 0-0: Called Strike
0-1: Ball
1-1: Ball
2-1: Ball
3-1: Foul Ball, location: 2F
3-2: Base on Balls
Cisco Moreno to third
Michael Sanford to second
Batting: RHB Lynwood Bryant 0-0: Ball
1-0: Ground out 6-3 (Groundball, 6S)
Top of the 3rd over - 4 runs, 3 hits, 1 error, 3 left on base; Bishop Gorman HS 6 - Randall HS 5
BOTTOM OF THE 3RD
Randall HS Raiders batting - Pitching for Bishop Gorman HS Balbasaurs : RHP Javier Gonzáles
Batting: RHB Brody Sexton 0-0: Ball
1-0: Ball
2-0: Ball
3-0: Base on Balls
Batting: LHB Kade Clark 0-0: Swinging Strike
0-1: Ball
1-1: Called Strike
1-2: Strikes out swinging
Pitching: RHP Mike Peters
Batting: RHB Luis Sánchez 0-0: Ball
1-0: Ball
2-0: Called Strike
2-1: Ball
3-1: Foul Ball, location: 2F
3-2: Base on Balls
Brody Sexton to second
Batting: RHB Tony Burhoe 0-0: Fly out, F9 (Flyball, 9S)
Batting: LHB En-guo Wang 0-0: Ball
1-0: Called Strike
1-1: Foul Ball, location: 2F
1-2: Fly out, F4 (Popup, 4S)
Bottom of the 3rd over - 0 runs, 0 hits, 0 errors, 2 left on base; Bishop Gorman HS 6 - Randall HS 5
TOP OF THE 4TH
Bishop Gorman HS Balbasaurs batting - Pitching for Randall HS Raiders : RHP Ron Jordan
Batting: RHB Júlio García 0-0: Ball
1-0: Foul Ball, location: 2F
1-1: Ball
2-1: Ball
3-1: Swinging Strike
3-2: Base on Balls
Batting: LHB Daniel Smith 0-0: Ball
1-0: Foul Ball, location: 2F
1-1: Ball
2-1: Fly out, F8 (Flyball, 8LD)
Pitching: RHP Tim Ford
Batting: RHB Valentín Martínez 0-0: Ball
1-0: Ball
2-0: Ball
3-0: Base on Balls
Júlio García to second
Batting: SHB Cisco Moreno 0-0: Ball
1-0: Ball
2-0: Ball
3-0: Base on Balls
Júlio García to third
Valentín Martínez to second
Batting: RHB Alan Stephens 0-0: Ball
1-0: Foul Ball, location: 2F
1-1: Swinging Strike
1-2: Ball
2-2: Fly out, F9 (Flyball, 9S)
Batting: RHB Michael Sanford 0-0: Called Strike
0-1: Ball
1-1: Fly out, F8 (Flyball, 8RS)
Top of the 4th over - 0 runs, 0 hits, 0 errors, 3 left on base; Bishop Gorman HS 6 - Randall HS 5
BOTTOM OF THE 4TH
Randall HS Raiders batting - Pitching for Bishop Gorman HS Balbasaurs : RHP Mike Peters
Batting: RHB John Zhu 0-0: Called Strike
0-1: Ball
1-1: Ball
2-1: Called Strike
2-2: Strikes out swinging
Batting: RHB Michael Brown 0-0: Ball
1-0: Ball
2-0: Called Strike
2-1: SINGLE (Flyball, 8RS)
Batting: RHB Carlos Rivera 0-0: Foul Ball, location: 2F
0-1: Ball
1-1: Foul Ball, location: 2F
1-2: Strikes out swinging
Batting: LHB Robert Wright 0-0: Ball
1-0: Ball
2-0: Fly out, F9 (Flyball, 9S)
Bottom of the 4th over - 0 runs, 1 hit, 0 errors, 1 left on base; Bishop Gorman HS 6 - Randall HS 5
TOP OF THE 5TH
Bishop Gorman HS Balbasaurs batting - Pitching for Randall HS Raiders : RHP Tim Ford
Batting: RHB John Miller 0-0: Ball
1-0: Ground out U3 (Groundball, 34S)
Batting: LHB Michel Gélinas 0-0: SINGLE (Groundball, 4MD)
Batting: RHB Lynwood Bryant 0-0: Foul Ball, location: 2F
0-1: Called Strike
0-2: Fly out, F7 (Flyball, 78M)
Batting: RHB Júlio García 0-0: Ball
1-0: Ball
2-0: Called Strike
2-1: Ball
3-1: Called Strike
3-2: Foul Ball, location: 2F
3-2: Base on Balls
Michel Gélinas to second
Batting: LHB Daniel Smith 0-0: Called Strike
0-1: Called Strike
0-2: Foul Ball, location: 2F
0-2: Fly out, F4 (Line Drive, 4)
Top of the 5th over - 0 runs, 1 hit, 0 errors, 2 left on base; Bishop Gorman HS 6 - Randall HS 5
BOTTOM OF THE 5TH
Randall HS Raiders batting - Pitching for Bishop Gorman HS Balbasaurs : RHP Mike Peters
Batting: RHB Brody Sexton 0-0: Swinging Strike
0-1: Ball
1-1: Ball
2-1: Ball
3-1: Foul Ball, location: 2F
3-2: SINGLE (Flyball, 9LM)
Batting: LHB Kade Clark 0-0: Ball
1-0: Ball
2-0: Ball
3-0: Base on Balls
Brody Sexton to second
Batting: RHB Luis Sánchez 0-0: Ball
1-0: Ball
2-0: Called Strike
2-1: 3-RUN HOME RUN (Flyball, 78XD), Distance : 388 ft
Pitching: RHP Max Marsh
Batting: RHB Tony Burhoe 0-0: SOLO HOME RUN (Flyball, 89XD), Distance : 396 ft
Batting: LHB En-guo Wang 0-0: Called Strike
0-1: Foul Ball, location: 2F
0-2: Ball
1-2: Ball
2-2: Ball
3-2: SINGLE (Groundball, 3D)
Batting: RHB John Zhu 0-0: Called Strike
0-1: Ball
1-1: Foul Ball, location: 2F
1-2: SINGLE (Line Drive, 8LS)
En-guo Wang to second
Batting: RHB Michael Brown 0-0: Called Strike
0-1: Called Strike
0-2: Strikes out swinging
Batting: RHB Carlos Rivera 0-0: Ball
1-0: Called Strike
1-1: Foul Ball, location: 2F
1-2: Strikes out swinging
Batting: LHB Robert Wright 0-0: Foul Ball, location: 2F
0-1: Ball
1-1: Ball
2-1: Foul Ball, location: 2F
2-2: Ball
3-2: Base on Balls
En-guo Wang to third
John Zhu to second
Batting: RHB Brody Sexton 0-0: Ball
1-0: Foul Ball, location: 2F
1-1: Foul Ball, location: 2F
1-2: Hit by Pitch
En-guo Wang scores
John Zhu to third
Robert Wright to second
Batting: LHB Kade Clark 0-0: SINGLE (Groundball, 34) (infield hit)
John Zhu scores
Robert Wright to third
Brody Sexton to second
Batting: RHB Luis Sánchez 0-0: Called Strike
0-1: Ball
1-1: Foul Ball, location: 2F
1-2: Ball
2-2: Ball
3-2: Base on Balls
Robert Wright scores
Brody Sexton to third
Kade Clark to second
Pitching: RHP Jeff Martin
Batting: RHB Tony Burhoe 0-0: Ball
1-0: Ball
2-0: Called Strike
2-1: Fly out, F8 (Flyball, 78D)
Bottom of the 5th over - 7 runs, 6 hits, 0 errors, 3 left on base; Bishop Gorman HS 6 - Randall HS 12
TOP OF THE 6TH
Bishop Gorman HS Balbasaurs batting - Pitching for Randall HS Raiders : RHP Tim Ford
Batting: RHB Valentín Martínez 0-0: Called Strike
0-1: Ball
1-1: Swinging Strike
1-2: SINGLE (Line Drive, 56D)
Batting: SHB Cisco Moreno 0-0: Ball
1-0: Ball
2-0: Swinging Strike
2-1: Fly out, F9 (Flyball, 9)
Batting: RHB Alan Stephens 0-0: SINGLE (Groundball, 56D)
Valentín Martínez to second
Batting: RHB Michael Sanford 0-0: Ball
1-0: Ball
2-0: Swinging Strike
2-1: Grounds into double play, 6-4-3 (Groundball, 6)
Top of the 6th over - 0 runs, 2 hits, 0 errors, 1 left on base; Bishop Gorman HS 6 - Randall HS 12
BOTTOM OF THE 6TH
Randall HS Raiders batting - Pitching for Bishop Gorman HS Balbasaurs : RHP Jeff Martin
Batting: LHB En-guo Wang 0-0: Called Strike
0-1: Ball
1-1: Called Strike
1-2: Ball
2-2: Foul Ball, location: 2F
2-2: Fly out, F8 (Flyball, 89D)
Batting: RHB John Zhu 0-0: Called Strike
0-1: Foul Ball, location: 2F
0-2: Ball
1-2: Foul Ball, location: 2F
1-2: Foul Ball, location: 2F
1-2: SINGLE (Line Drive, 89S)
Batting: RHB Michael Brown 0-0: Ball
1-0: Ball
2-0: Swinging Strike
2-1: Foul Ball, location: 2F
2-2: Ball
3-2: Foul Ball, location: 2F
3-2: Foul Ball, location: 2F
3-2: Foul Ball, location: 2F
3-2: Strikes out swinging
John Zhu is caught stealing 2nd base
Batter strikes out.
Bottom of the 6th over - 0 runs, 1 hit, 0 errors, 0 left on base; Bishop Gorman HS 6 - Randall HS 12
TOP OF THE 7TH
Bishop Gorman HS Balbasaurs batting - Pitching for Randall HS Raiders : RHP Tim Ford
Batting: RHB John Miller 0-0: Swinging Strike
0-1: Swinging Strike
0-2: Foul Ball, location: 2F
0-2: Strikes out swinging
Batting: LHB Michel Gélinas 0-0: Called Strike
0-1: Ball
1-1: Ball
2-1: Ball
3-1: Base on Balls
Batting: RHB Lynwood Bryant 0-0: Single, Error in OF, E8, batter to second base
Michel Gélinas to third
Pitching: LHP Bill Bond
Batting: RHB Júlio García 0-0: Ball
1-0: Ground out 6-3 (Groundball, 6)
Michel Gélinas scores
Lynwood Bryant to third
Batting: LHB Daniel Smith 0-0: Swinging Strike
0-1: Ball
1-1: Ball
2-1: Foul Ball, location: 2F
2-2: Ball
3-2: Ground out 4-3 (Groundball, 4)
Top of the 7th over - 1 run, 1 hit, 1 error, 1 left on base; Bishop Gorman HS 7 - Randall HS 12
BOTTOM OF THE 7TH
Randall HS Raiders batting - Pitching for Bishop Gorman HS Balbasaurs : RHP Jeff Martin
Batting: RHB Carlos Rivera 0-0: SINGLE (Line Drive, 6MD)
Batting: LHB Robert Wright 0-0: Called Strike
0-1: Ball
1-1: Ball
2-1: SINGLE (Groundball, 5D)
Carlos Rivera to second
Batting: RHB Brody Sexton 0-0: Ball
1-0: Fly out, F6 (Line Drive, 6MD)
Batting: LHB Kade Clark 0-0: Swinging Strike
0-1: Ball
1-1: Ball
2-1: Ball
3-1: Swinging Strike
3-2: Strikes out swinging
Batting: RHB Luis Sánchez 0-0: Swinging Strike
0-1: Foul Ball, location: 2F
0-2: Foul Ball, location: 2F
0-2: Ball
1-2: Foul Ball, location: 2F
1-2: Strikes out looking
Bottom of the 7th over - 0 runs, 2 hits, 0 errors, 2 left on base; Bishop Gorman HS 7 - Randall HS 12
TOP OF THE 8TH
Bishop Gorman HS Balbasaurs batting - Pitching for Randall HS Raiders : LHP Bill Bond
Batting: RHB Valentín Martínez 0-0: SOLO HOME RUN (Line Drive, 7D), Distance : 396 ft
Batting: SHB Cisco Moreno 0-0: Ball
1-0: Called Strike
1-1: Swinging Strike
1-2: Ball
2-2: Strikes out swinging
Batting: RHB Alan Stephens 0-0: Ball
1-0: Ball
2-0: Swinging Strike
2-1: Ground out 5-3 (Groundball, 56)
Batting: RHB Michael Sanford 0-0: Ball
1-0: Ball
2-0: Foul Ball, location: 2F
2-1: Fly out, F8 (Flyball, 8RD)
Top of the 8th over - 1 run, 1 hit, 0 errors, 0 left on base; Bishop Gorman HS 8 - Randall HS 12
BOTTOM OF THE 8TH
Randall HS Raiders batting - Pitching for Bishop Gorman HS Balbasaurs : RHP Jeff Martin
Batting: RHB Tony Burhoe 0-0: Ball
1-0: Ball
2-0: Foul Ball, location: 2F
2-1: Swinging Strike
2-2: Ball
3-2: Foul Ball, location: 2F
3-2: Foul Ball, location: 2F
3-2: Base on Balls
Batting: LHB En-guo Wang 0-0: Fly out, F2 (Popup, 25F)
Batting: RHB John Zhu 0-0: Foul Ball, location: 2F
0-1: Called Strike
0-2: SINGLE (Groundball, 34D)
Tony Burhoe to second
Runner from 2nd tries for 3rd, SAFE, no throw
Batting: RHB Michael Brown 0-0: Ball
1-0: Ball
2-0: Called Strike
2-1: Foul Ball, location: 2F
2-2: Fly out, F8 (Flyball, 8RM)
Runner from 3rd tags up, OUT at HOME
Bottom of the 8th over - 0 runs, 1 hit, 0 errors, 1 left on base; Bishop Gorman HS 8 - Randall HS 12
TOP OF THE 9TH
Bishop Gorman HS Balbasaurs batting - Pitching for Randall HS Raiders : LHP Bill Bond
Pitching: RHP Bob Elliott
Batting: RHB John Miller 0-0: Ball
1-0: Called Strike
1-1: Called Strike
1-2: Strikes out swinging
Batting: LHB Michel Gélinas 0-0: Called Strike
0-1: Swinging Strike
0-2: Ball
1-2: Ball
2-2: Hit by Pitch
Batting: RHB Lynwood Bryant 0-0: DOUBLE (Flyball, 78D)
Michel Gélinas to third
Batting: RHB Júlio García 0-0: SINGLE (Groundball, 56D)
Michel Gélinas scores
Lynwood Bryant to third
Batting: LHB Daniel Smith 0-0: Called Strike
0-1: Foul Ball, location: 2F
0-2: Ball
1-2: Ball
2-2: Ball
3-2: Strikes out looking
Batting: RHB Valentín Martínez 0-0: Fly out, F4 (Popup, 3D)
Top of the 9th over - 1 run, 2 hits, 0 errors, 2 left on base; Bishop Gorman HS 9 - Randall HS 12
Saturday, April 7th, 2018 - OOTP Baseball 18.8 Build 76